 Dungeon Crawl Stone Soup version 0.27.1-4-g1640c2035a (webtiles) character file.

Game seed: 18320310438984952873

7016 Kallu the Thaumaturge (level 10, 0/71 HPs)
             Began as a Demonspawn Conjurer on Nov 15, 2021.
             Was a Believer of Vehumet.
             Succumbed to Erica's bolt of poison
             ... on level 8 of the Dungeon.
             The game lasted 00:54:50 (12264 turns).

Kallu the Thaumaturge (Demonspawn Conjurer)        Turns: 12264, Time: 00:54:51

Health: 0/71       AC:  9    Str:  8    XL:     10   Next: 82%
Magic:  24/24      EV: 14    Int: 22    God:    Vehumet [**....]
Gold:   514        SH:  0    Dex: 12    Spells: 17/29 levels left

rFire    . . .     SeeInvis .   b - staff of conjuration
rCold    . . .     Faith    .   (no shield)
rNeg     + . .     Spirit   .   e - +0 robe {Will+}
rPois    .         Reflect  .   n - +1 helmet
rElec    .         Harm     .   g - +0 cloak
rCorr    .         Rampage  .   o - +1 pair of gloves
Will     +....                  (no boots)
Stlth    ++........             (no amulet)
HPRegen  0.21/turn              q - ring of flight
MPRegen  0.38/turn              u - ring of positive energy

@: lethally poisoned (0 -> -12), flying
A: hooves 1, thin metallic scales 1, demonic guardian 1, magic regeneration
a: Renounce Religion


You were on level 8 of the Dungeon.
You worshipped Vehumet.
Vehumet was pleased with you.
You visited 2 branches of the dungeon, and saw 10 of its levels.

You collected 514 gold pieces.

Inventory:

Hand Weapons
 a - a +3 falchion of electrocution
Missiles
 A - a throwing net
Armour
 e - a +0 robe of willpower (worn)
 g - a +0 cloak (worn)
 n - a +1 helmet (worn)
 o - a +1 pair of gloves (worn)
 w - a +3 ring mail of poison resistance
Magical Staves
 b - a staff of conjuration (weapon)
Jewellery
 q - a ring of flight (left hand)
 u - a ring of positive energy (right hand)
Wands
 l - a wand of mindburst (9)
 x - a wand of flame (17)
Scrolls
 h - 2 scrolls of enchant weapon
 r - a scroll of enchant armour
 s - a scroll of amnesia
 t - a scroll of vulnerability
Potions
 c - 2 potions of mutation {unknown}
 d - 2 potions of cancellation {unknown}
 f - a potion of brilliance {unknown}
 i - 3 potions of curing
 j - 3 potions of flight
 k - a potion of invisibility {unknown}
 m - a potion of lignification {unknown}
 p - 2 potions of resistance {unknown}
 v - a potion of might {unknown}
 z - a potion of magic


   Skills:
 - Level 4.0 Fighting
 - Level 1.0 Armour
 + Level 5.8 Dodging
 - Level 1.7 Stealth
 - Level 10.4 Spellcasting
 + Level 9.3 Conjurations
 - Level 4.0 Hexes
 - Level 2.0 Translocations
 - Level 2.0 Evocations


You had 17 spell levels left.
You knew the following spells:

 Your Spells              Type           Power      Damage    Failure   Level
a - Magic Dart            Conj           100%       1d8       1%          1
b - Searing Ray           Conj           100%       3d7       1%          2
c - Dazzling Flash        Conj/Hex       100%       N/A       1%          3
d - Fulminant Prism       Conj/Hex       28%        3d14      3%          4
e - Blink                 Tloc           N/A        N/A       3%          2

Your spell library contained the following spells:

 Spells                   Type           Power      Damage    Failure   Level
 Shock                    Conj/Air       100%       1d9       1%          1
 Iskenderun's Mystic Bla  Conj/Tloc      53%        2d11      5%          4
 Freeze                   Ice            44%        1d6       6%          1
 Hailstorm                Conj/Ice       47%        3d11      9%          4
 Frozen Ramparts          Ice            22%        1d4       17%         3
 Manifold Assault         Tloc           20%        N/A       56%         5
 Storm Form               Tmut/Air       5%         N/A       100%        7


Dungeon Overview and Level Annotations

Branches:
Dungeon (9/15)             Temple (1/1) D:6
   Lair: D:8-11         Orc: D:9-12

Altars:
Ashenzari
Cheibriados
Dithmenos
Elyvilon
Fedhas
Gozag
Hepliaklqana
Makhleb
Nemelex Xobeh
Sif Muna
Trog
Vehumet
Wu Jian
Xom
Yredelemnul
Zin

Shops:
D:6 (   D:8 [

Annotations:
D:9 Erica, Maurice


Innate Abilities, Weirdness & Mutations

You have large cloven feet.
You are partially covered in thin metallic scales. (AC +2)
A weak demonic guardian rushes to your aid.
You regenerate magic rapidly.


Message History

You are very lightly contaminated with residual magic.
Nothing appears to happen.
You feel very sick.
Erica hits you with a +1 scimitar of flaming!
A demonic guardian appears!
Erica burns you.
Casting: Fulminant Prism (dangerous; 3% risk of failure)
Confirm with . or Enter, or press ? or * to list all spells.
Okay, then.
Casting: Fulminant Prism (dangerous; 3% risk of failure)
Confirm with . or Enter, or press ? or * to list all spells.
Okay, then.
Casting: Fulminant Prism (dangerous; 3% risk of failure)
Confirm with . or Enter, or press ? or * to list all spells.
You blink.
You feel sick.
Erica gestures wildly while chanting.
Erica flickers and vanishes!
Deactivating autopickup; reactivate with Ctrl-A.
You feel sick. Something hits your white imp. Something burns your white imp.
There is an open door here.
You feel sick.
You feel sick.
You feel sick.
You feel sick.
Your white imp appears confused.
You feel sick.
You feel sick. Something barely misses your white imp.
You feel sick.
You are no longer poisoned.
Your white imp closely misses something.
Your magical contamination has completely faded away.
There is a stone staircase leading up here.
You hear some strange, mumbled words.
A bolt of poison appears from out of thin air!
The bolt of poison hits you!
You are poisoned.
* * * LOW HITPOINT WARNING * * *
A demonic guardian appears!
You fly upwards.
Your summoned ally is left behind.
Reactivating autopickup.
You die...

#.#####.#.####
####################.# #.#.#
.....................#####.#.#
.....................(.....#.#
###################...<)...#.#
##.........# ♣♣♣♣♣♣
#######[###### ♣.♣[.♣♣ ♣♣♣
#.#####[#..... ♣♣....♣ ♣♣@♣
#.....#.#.#### ♣.....♣ ♣..♣
#.###.#.#...## ♣♣....♣ ♣♣.♣♣
#.#####.#.#..# ♣♣♣...♣♣ ♣.♣♣
#....(..#.#... ♣♣...♣♣♣ ♣.♣
#.......#..._. ♣♣†♣♣.♣ ♣♣.♣
#.........)... ♣.♣♣♣♣♣ ♣.♣♣
#..#...._..... ♣.♣ ♣.♣
#<.###........ .♣♣ ♣♣♣[♣
#.............


There were no monsters in sight!

Vanquished Creatures
  Joseph (D:7)
  The ghost of Fulminus the Geomancer, a novice GrEE (D:6)
  A kobold demonologist (D:9)
  A komodo dragon (D:9)
  2 hornets
  Prince Ribbit (D:5)
  7 spriggans
  3 wyverns
  Eustachio (D:5)
  The ghost of Descartes the Shield-Bearer, an amateur FoFi (D:3)
  A steam dragon (D:8)
  A water moccasin (D:7)
  A black bear (D:8)
  An ice beast (D:6)
  A sky beast (D:7)
  3 orc warriors
  2 necrophages
  An ogre (D:6)
  2 centaurs (D:8)
  Blork the orc (D:5)
  A kobold brigand (D:6)
  3 bullfrogs
  A gnoll sergeant (D:8)
  A scorpion (D:5)
  2 wyvern skeletons (D:7)
  6 wights
  3 killer bees (D:8)
  An electric eel (D:7)
  3 howler monkeys
  3 centaur zombies
  2 centaur skeletons (D:7)
  5 orc priests
  4 hounds
  A jelly (D:5)
  3 gnoll shamans
  4 iguanas
  8 orc wizards
  A hound zombie (D:5)
  2 hound skeletons
  15 gnolls
  11 adders
  2 howler monkey skeletons
  A shadow imp (D:7)
  2 white imps
  4 worms
  3 dart slugs
  17 orcs
  12 ball pythons
  6 bats
  6 endoplasms
  6 giant cockroaches
  2 goblins (D:3)
  7 hobgoblins
  15 kobolds
  6 quokkas
  11 frilled lizards
  5 rats
218 creatures vanquished.

Vanquished Creatures (others)
  59 fulminant prisms
  3 plants (D:2)
62 creatures vanquished.

Grand Total: 280 creatures vanquished

Notes
Turn   | Place    | Note
-------+----------+-------------------------------------------
     0 | D:1      | Kallu the Demonspawn Conjurer began the quest for the Orb.
     0 | D:1      | Reached XP level 1. HP: 13/13 MP: 3/3
   198 | D:1      | Gained mutation: You are partially covered in thin metallic
                  | scales. (AC +2) [demonic ancestry]
   198 | D:1      | Reached XP level 2. HP: 19/19 MP: 1/5
   421 | D:1      | Learned a level 2 spell: Searing Ray
  1068 | D:1      | Reached XP level 3. HP: 24/24 MP: 4/7
  1959 | D:2      | Learned a level 3 spell: Dazzling Flash
  1994 | D:2      | Reached skill level 3 in Spellcasting
  2421 | D:2      | Reached XP level 4. HP: 30/30 MP: 3/8
  2807 | D:3      | Reached skill level 1 in Hexes
  3209 | D:3      | Reached skill level 5 in Conjurations
  3279 | D:3      | Gained mutation: You have large cloven feet. [demonic
                  | ancestry]
  3279 | D:3      | Reached XP level 5. HP: 20/36 MP: 1/9
  3316 | D:3      | Reached skill level 1 in Fighting
  3589 | D:3      | Learned a level 4 spell: Fulminant Prism
  3803 | D:3      | Found a faded altar of an unknown god.
  3814 | D:3      | Found a runed translucent door.
  3819 | D:3      | Noticed Descartes's ghost (amateur FoFi)
  3865 | D:3      | Noticed an orc warrior
  3897 | D:3      | Killed an orc warrior
  3898 | D:3      | Reached XP level 6. HP: 10/44 MP: 1/11
  4640 | D:4      | Reached skill level 4 in Spellcasting
  4640 | D:4      | Reached skill level 1 in Evocations
  5303 | D:5      | Entered Level 5 of the Dungeon
  5306 | D:5      | Gained mutation: A weak demonic guardian rushes to your
                  | aid. [demonic ancestry]
  5306 | D:5      | Reached XP level 7. HP: 50/50 MP: 9/13
  6067 | D:5      | Noticed Prince Ribbit
  6073 | D:5      | Killed Prince Ribbit
  6147 | D:5      | Noticed Blork the orc
  6155 | D:5      | Killed Blork the orc
  6240 | D:5      | Reached skill level 5 in Spellcasting
  6240 | D:5      | Reached XP level 8. HP: 56/56 MP: 9/15
  6577 | D:5      | Noticed Eustachio
  6585 | D:5      | Killed Eustachio
  6991 | D:6      | Learned a level 2 spell: Blink
  7044 | D:6      | Reached skill level 1 in Translocations
  7146 | D:6      | Reached skill level 6 in Spellcasting
  7405 | D:6      | Found Sinisux's Antique Weapon Emporium.
  7586 | D:6      | Found a runed translucent door.
  7614 | D:6      | Noticed Fulminus's ghost (novice GrEE)
  7629 | D:6      | Found a runed translucent door.
  7875 | D:6      | Found a staircase to the Ecumenical Temple.
  7884 | Temple   | Entered the Ecumenical Temple
  8027 | Temple   | Became a worshipper of Vehumet
  8265 | D:6      | Reached skill level 7 in Spellcasting
  8374 | D:6      | Killed Fulminus's ghost
  8375 | D:6      | Reached skill level 8 in Spellcasting
  8375 | D:6      | Gained mutation: You regenerate magic rapidly. [demonic
                  | ancestry]
  8375 | D:6      | Reached XP level 9. HP: 59/61 MP: 7/21
  8519 | D:3      | Killed Descartes's ghost
  8697 | D:7      | Reached * piety under Vehumet
  8697 | D:7      | Offered knowledge of Sandblast by Vehumet.
  8698 | D:7      | Reached skill level 9 in Spellcasting
  8884 | D:7      | Found a shimmering blue altar of Sif Muna.
  8885 | D:7      | Found a blossoming altar of Fedhas.
  8938 | D:7      | Found a burning altar of Makhleb.
  9085 | D:7      | Noticed Joseph
  9332 | D:7      | Killed Joseph
  9333 | D:7      | Reached skill level 10 in Spellcasting
  9936 | D:8      | Found a shimmering altar of Xom.
  9938 | D:8      | Found a shimmering altar of Xom.
  9940 | D:8      | Found a shimmering altar of Xom.
  9940 | D:8      | Found a shimmering altar of Xom.
  9940 | D:8      | Found a shimmering altar of Xom.
  9984 | D:8      | Reached skill level 1 in Armour
 10245 | D:8      | Found a shimmering altar of Xom.
 10245 | D:8      | Found a shimmering altar of Xom.
 10342 | D:8      | Reached XP level 10. HP: 67/67 MP: 13/24
 10582 | D:8      | Found Toopruwu's Armour Shop.
 10806 | D:8      | Reached ** piety under Vehumet
 10842 | D:8      | Offered knowledge of Shock by Vehumet.
 11132 | D:8      | Found a snail-covered altar of Cheibriados.
 11973 | D:9      | Reached skill level 5 in Dodging
 12078 | D:9      | Noticed Maurice
 12247 | D:9      | Noticed Erica
 12264 | D:8      | Succumbed to Erica's bolt of poison

Illustrated notes

Levels and vault maps discovered:
D:1:      lightli_arrival_flooded_house, layout_loops_ring
D:2:      layout_basic, minmay_lizard_king
D:3:      layout_basic, hellmonk_ecumenical_altar_inner_sanctum,
          ebering_ghost_sewer_d, chequers_serial_rivers_small_3,
          grunt_decor_clamped, hex_intersection
D:4:      minmay_clustersquares, layout_rooms
D:5:      layout_basic, uniq_blork_the_orc, uniq_eustachio, uniq_prince_ribbit1
D:6:      layout_layer_cave, temple_hall, ebering_ghost_sewer_f, serial_shops,
          kennysheep_little_box
D:7:      layout_basic, makhleb_heckhound_becter,
          mainiacjoe_overflow_divided_tiny, st_stairs_12, kennysheep_donut,
          uniq_joseph
D:8:      kb_forest_paths, layout_basic, cheibriados_altar_1,
          nicolae_xom_altar_mimics, serial_shops, nicolae_lakefront_shop,
          hangedman_decor_riveting
D:9:      minmay_inner_zag, layout_stronghold, lemuel_doored_altar,
          nicolae_uskayaw_dance_hall, erik_lair_dragon, grunt_ministairs_9,
          kennysheep_potato, uniq_maurice, uniq_grum, uniq_erica
Temple:   jpeg_temple_clearing

Skill      XL: |  1  2  3  4  5  6  7  8  9 10 |
---------------+-------------------------------+-----
Spellcasting   | 3 4 5 8 10 | 10.4
Hexes          | 1 2 3 4 |  4.0
Dodging        | 2 3 5 |  5.8
Conjurations   | 5 6 7 9 |  9.3
Fighting       | 1 2 4 |  4.0
Evocations     | 1 2 |  2.0
Translocations | 2 |  2.0
Armour         | 1 |  1.0
Stealth        | |  1.7

Action                   |  1- 3 |  4- 6 |  7- 9 | 10-12 || total
-------------------------+-------+-------+-------+-------++-------
Melee: Dagger            |    26 |    18 |     9 |       ||    53
       Kick              |       |     1 |     1 |       ||     2
       Falchion          |       |       |    10 |       ||    10
       Staff             |       |       |     2 |     5 ||     7
 Cast: Magic Dart        |    65 |    45 |    42 |    18 ||   170
       Searing Ray       |    10 |    28 |    38 |    23 ||    99
       Fulminant Prism   |       |     2 |    28 |    29 ||    59
       Dazzling Flash    |       |     1 |     2 |       ||     3
       Blink             |       |       |       |     1 ||     1
Evoke: Wand              |       |     1 |     4 |       ||     5
  Use: Scroll            |       |     4 |     3 |     5 ||    12
Armor: Robe              |    12 |     5 |    20 |     4 ||    41
Dodge: Dodged            |    22 |    24 |    40 |    13 ||    99
